 Dungeon Crawl Stone Soup version 0.26-a0-146-g24f6d3962c (webtiles) character file.

Game seed: 5096705425332430869

429 tilp the Cleaver (level 6, -8/51 HPs)
             Began as a Hill Orc Monk on June 29, 2020.
             Splashed by an orc wizard's acid (13 damage)
             ... on level 4 of the Dungeon.
             The game lasted 00:05:40 (4218 turns).

tilp the Cleaver (Hill Orc Monk)                    Turns: 4218, Time: 00:05:40

Health: -8/51      AC: 11    Str: 16    XL:     6   Next: 98%
Magic:  6/6        EV:  6    Int: 10    God:
Gold:   188        SH:  0    Dex: 13    Spells: 5/5 levels left

rFire    . . .     SeeInvis .   a - +0 war axe
rCold    . . .     Faith    .   r - +0 buckler
rNeg     . . .     Spirit   .   f - +0 chain mail
rPois    .         Reflect  .   (no helmet)
rElec    .         Harm     .   z - +2 cloak
rCorr    .                      (no gloves)
MR       .....                  (no boots)
Stlth    ..........             (no amulet)
HPRegen  0.17/turn              (no ring)
MPRegen  0.10/turn              (no ring)

@: confused
A: no striking features
a: no special abilities


You were on level 4 of the Dungeon.
You were not hungry.

You visited 1 branch of the dungeon, and saw 4 of its levels.

You collected 188 gold pieces.

Inventory:

Hand Weapons
 a - a +0 war axe (weapon)
Missiles
 b - 8 datura-tipped darts
 d - 79 stones (quivered)
 l - 4 curare-tipped darts
 s - 4 boomerangs
 v - 29 poisoned darts
Armour
 f - a +0 chain mail (worn)
 r - a +0 buckler (worn)
 x - a scarf of invisibility
 z - a +2 cloak (worn)
Jewellery
 m - an uncursed ring of fire
Wands
 e - a wand of disintegration (11)
Scrolls
 h - 3 scrolls of remove curse
 i - a scroll of noise {unknown}
 k - a scroll of immolation {unknown}
 n - a scroll of magic mapping {unknown}
 p - 2 scrolls of teleportation
 u - a scroll of enchant armour
Potions
 j - 3 potions of curing
 q - a potion of magic {unknown}
Comestibles
 c - 8 rations
 o - a chunk of flesh


   Skills:
 - Level 3.6 Fighting
 + Level 10.0 Axes
 - Level 2.4 Dodging
 - Level 1.5 Stealth


You had 5 spell levels left.
You didn't know any spells.
Your spell library contained the following spells:

 Spells                   Type           Power        Failure   Level  Hunger
 Magic Dart               Conj           #...         100%        1    ##.....
 Blink                    Tloc           N/A          100%        2    ###....
 Call Imp                 Summ           #.......     100%        2    ###....
 Slow                     Hex            #.......     100%        2    ###....
 Conjure Flame            Conj/Fire      #.......     100%        3    ####...
 Mephitic Cloud           Conj/Pois/Air  #.......     100%        3    ####...


Dungeon Overview and Level Annotations

Branches:
Dungeon (4/15)
 Temple: D:4-7

Altars:
Cheibriados
Fedhas
Gozag
Makhleb
Trog
Uskayaw
Yredelemnul


Message History

The orc wizard hits you but does no damage.
You closely miss the orc wizard.
The orc wizard is moderately wounded.
The orc wizard zaps a wand.
The bolt of acid misses you.
You hit the orc wizard but do no damage.
The orc wizard is moderately wounded.
The orc wizard zaps a wand.
The bolt of acid hits you!!
* * * LOW HITPOINT WARNING * * *
You are splashed with acid!
* * * LOW HITPOINT WARNING * * *
The orc wizard completely misses you.
You are confused.
You feel invigorated.
The orc wizard casts a spell.
The orc wizard blinks!
Unknown command.
The orc wizard zaps a wand.
The bolt of acid hits you!
* * * LOW HITPOINT WARNING * * *
You are splashed with acid!
You die...

#### ...### ##...## #≈≈≈≈≈#
##### #≈###≈# #..). #≈ ≈≈#
##### #≈ #≈≈# ######### .≈
#≈≈. #..############........
.≈ #≈≈#
#...o.@?........####### .≈
≈≈≈# ##.#################...
##≈# ##...... ≈≈ ... .#
##....... ##. ##.# .#
#...≈≈≈..
..##..##.############...≈≈≈..
###........ ............≈≈≈..
#........#
###...........≈≈≈..
##....._..#
#...#####.##...8...


You could see an orc wizard (fast).

Vanquished Creatures
  Blork the orc (D:4)
  A howler monkey (D:3)
  Jessica (D:3)
  Natasha (thrice) (D:3)
  Ijyb (D:3)
  A worker ant (D:4)
  8 adders
  3 worms (D:2)
  2 dart slugs
  4 leopard geckos
  7 orcs
  2 bats
  3 giant cockroaches
  8 goblins
  4 hobgoblins
  6 jackals
  14 kobolds
  2 quokkas
  6 frilled lizards
  12 rats
89 creatures vanquished.

Notes
Turn   | Place    | Note
-------+----------+-------------------------------------------
     0 | D:1      | tilp the Hill Orc Monk began the quest for the Orb.
     0 | D:1      | Reached XP level 1. HP: 19/19 MP: 1/1
   557 | D:1      | Reached XP level 2. HP: 26/26 MP: 2/2
   633 | D:1      | Reached skill level 5 in Axes
  1172 | D:1      | Reached XP level 3. HP: 31/31 MP: 3/3
  1198 | D:2      | Found a faded altar of an unknown god.
  1564 | D:2      | Found a burning altar of Makhleb.
  1570 | D:2      | Reached skill level 6 in Axes
  2033 | D:2      | Reached XP level 4. HP: 25/39 MP: 4/4
  2348 | D:2      | Found a blossoming altar of Fedhas.
  2497 | D:3      | Noticed Jessica
  2610 | D:3      | Reached skill level 7 in Axes
  2850 | D:3      | Reached XP level 5. HP: 41/45 MP: 5/5
  2870 | D:3      | Noticed Ijyb
  2877 | D:3      | HP: 2/45 [disintegration (31)]
  2883 | D:3      | Killed Ijyb
  2903 | D:3      | Reached skill level 8 in Axes
  2931 | D:3      | Killed Jessica
  2931 | D:3      | Reached XP level 6. HP: 25/51 MP: 6/6
  2931 | D:3      | Noticed Natasha
  3255 | D:3      | Killed Natasha
  3259 | D:3      | Noticed Natasha
  3271 | D:3      | Killed Natasha
  3271 | D:3      | Reached skill level 9 in Axes
  3554 | D:3      | Noticed Natasha
  3568 | D:3      | Killed Natasha
  4059 | D:4      | Found a basalt altar of Yredelemnul.
  4060 | D:4      | Found a hide-covered altar of Uskayaw.
  4110 | D:4      | Noticed Blork the orc
  4113 | D:4      | Killed Blork the orc
  4155 | D:4      | Found a snail-covered altar of Cheibriados.
  4157 | D:4      | Found a bloodstained altar of Trog.
  4157 | D:4      | Found an opulent altar of Gozag.
  4212 | D:4      | Reached skill level 10 in Axes
  4218 | D:4      | Splashed by an orc wizard's acid

Illustrated notes

Levels and vault maps discovered:
D:1:      grunt_arrival_lava_bath, layout_loops_cross, minivault_14,
          amethyst_killhole
D:2:      layout_loops_ring, old_standard_altar, fedhas_altar_1,
          chequers_ecumenical_altar_simple, minivault_11, glass_columns_a,
          grunt_ministairs_9
D:3:      layout_rooms, uniq_ijyb, uniq_jessica, uniq_natasha
D:4:      minmay_recursive_quarters, layout_loops_ring,
          gammafunk_temple_overflow_forgotten, grunt_temple_overflow_open,
          kennysheep_little_box, first_ration, fountainhead,
          serial_park_tiny_pond, minmay_crystal_water, uniq_blork_the_orc

Skill      XL: |  1  2  3  4  5  6 |
---------------+-------------------+-----
Axes           | 5 6 7 8 10 | 10.0
Fighting       | |  3.6
Dodging        | |  2.4
Stealth        | |  1.5

Action                   |  1- 3 |  4- 6 || total
-------------------------+-------+-------++-------
Melee: Hand axe          |   131 |    33 ||   164
       War axe           |       |   176 ||   176
Evoke: Wand              |       |     2 ||     2
  Use: Scroll            |     1 |     5 ||     6
       Potion            |     1 |     3 ||     4
 Stab: Sleeping          |     6 |       ||     6
  Eat: Chunk             |     3 |     8 ||    11
Armor: Robe              |    14 |       ||    14
       Chain mail        |    24 |   137 ||   161
Dodge: Dodged            |    59 |    68 ||   127
Block: Buckler           |       |    20 ||    20

Table legend:
 A = Non-vault XP
 B = Vault XP
 C = Vault XP percentage of total XP
 D = Non-vault monster count
 E = Vault monster count
 F = Vault count percentage of total count
                 A         B        C        D         E       F
            +---------+---------+-------+---------+---------+-------
      Total |     393 |     221 |  36.0 |      83 |       6 |   6.7
            +---------+---------+-------+---------+---------+-------
        D:1 |      36 |       0 |   0.0 |      22 |       0 |   0.0
        D:2 |      82 |      15 |  15.5 |      26 |       2 |   7.1
        D:3 |     221 |     110 |  33.2 |      30 |       3 |   9.1
        D:4 |      54 |      96 |  64.0 |       5 |       1 |  16.7
            +---------+---------+-------+---------+---------+-------
